SL
NORTHERN VIRGINIA RETRIEVERS @ ROCKY MOUNTAIN NUGGETS
09/13/2020
 
TOP OF THE 1ST
Northern Virginia Retrievers batting - Pitching for Rocky Mountain Nuggets : RHP John Braun
Pitching: RHP John Braun
Batting: LHB Vance Cannon 0-0: Called Strike
0-1: DOUBLE (Line Drive, 9LS)
Batting: LHB Roberto Salazar 0-0: Foul Ball, location: 2F
0-1: Fly out, F7 (Flyball, 78M)
Batting: SHB Ramiro Salazar 0-0: Called Strike
0-1: Ball
1-1: Swinging Strike
1-2: Strikes out looking
Batting: RHB Iván Pérez 0-0: Called Strike
0-1: Ball
1-1: Called Strike
1-2: Foul Ball, location: 2F
1-2: Ball
2-2: Strikes out swinging
Top of the 1st over - 0 run(s), 1 hit(s), 0 error(s), 1 left on base; Northern Virginia 0 - Rocky Mountain 0
BOTTOM OF THE 1ST
Rocky Mountain Nuggets batting - Pitching for Northern Virginia Retrievers : RHP Javier Mora
Pitching: RHP Javier Mora
Batting: LHB Juan Ríos 0-0: Foul Ball, location: 2F
0-1: Called Strike
0-2: Foul Ball, location: 2F
0-2: Ball
1-2: Ball
2-2: Foul Ball, location: 2F
2-2: SINGLE (Groundball, 5D)
Batting: SHB Quan Ge 0-0: Called Strike
0-1: Ball
1-1: DOUBLE (Flyball, 78XD)
Juan Ríos to third
Batting: RHB David Verhoeve 0-0: Called Strike
0-1: Ball
Wild Pitch!
Juan Ríos scores
Quan Ge to third
1-1: Ground out 4-3 (Groundball, 4M)
Quan Ge scores
Batting: LHB Randy Bowen 0-0: Foul Ball, location: 2F
0-1: Ball
1-1: Foul Ball, location: 2F
1-2: SINGLE (Flyball, 78S)
Batting: RHB Mark Melton 0-0: Ball
1-0: Swinging Strike
1-1: Called Strike
1-2: Ball
2-2: Foul Ball, location: 2F
2-2: Strikes out swinging
Batting: RHB Paul Smith 0-0: Called Strike
Randy Bowen steals 2nd base
0-1: Ball
1-1: Fly out, F4 (Popup, 3)
Bottom of the 1st over - 2 run(s), 3 hit(s), 0 error(s), 1 left on base; Northern Virginia 0 - Rocky Mountain 2
TOP OF THE 2ND
Northern Virginia Retrievers batting - Pitching for Rocky Mountain Nuggets : RHP John Braun
Batting: LHB John Robertson 0-0: Called Strike
0-1: Called Strike
0-2: Ball
1-2: Ball
2-2: Foul Ball, location: 2F
2-2: Ground out 6-3 (Groundball, 6M)
Batting: RHB Harris Harden 0-0: Swinging Strike
0-1: Foul Ball, location: 2F
0-2: Ground out 6-3 (Groundball, 6MS)
Batting: RHB José Rodríguez 0-0: Called Strike
0-1: Ball
1-1: Ball
2-1: Fly out, F9 (Flyball, 89S)
Top of the 2nd over - 0 run(s), 0 hit(s), 0 error(s), 0 left on base; Northern Virginia 0 - Rocky Mountain 2
BOTTOM OF THE 2ND
Rocky Mountain Nuggets batting - Pitching for Northern Virginia Retrievers : RHP Javier Mora
Batting: LHB Jason Potter 0-0: Called Strike
0-1: Ball
1-1: Called Strike
1-2: Strikes out swinging
Batting: LHB Egidio Agnolutto 0-0: Called Strike
0-1: Foul Ball, location: 2F
0-2: Ball
1-2: Fly out, F5 (Popup, 5F)
Batting: LHB John Braun 0-0: Ball
1-0: Ball
2-0: Foul Ball, location: 2F
2-1: Swinging Strike
2-2: Strikes out swinging
Bottom of the 2nd over - 0 run(s), 0 hit(s), 0 error(s), 0 left on base; Northern Virginia 0 - Rocky Mountain 2
TOP OF THE 3RD
Northern Virginia Retrievers batting - Pitching for Rocky Mountain Nuggets : RHP John Braun
Batting: SHB Gustavo Fuentes 0-0: Fly out, F6 (Line Drive, 6)
Batting: RHB Javier Mora 0-0: Called Strike
0-1: Swinging Strike
0-2: Strikes out swinging
Batting: LHB Vance Cannon 0-0: Called Strike
0-1: Swinging Strike
0-2: Ball
1-2: Ground out 4-3 (Groundball, 4)
Top of the 3rd over - 0 run(s), 0 hit(s), 0 error(s), 0 left on base; Northern Virginia 0 - Rocky Mountain 2
BOTTOM OF THE 3RD
Rocky Mountain Nuggets batting - Pitching for Northern Virginia Retrievers : RHP Javier Mora
Batting: LHB Juan Ríos 0-0: Ball
1-0: Ball
2-0: Called Strike
2-1: Ball
3-1: Base on Balls
Batting: SHB Quan Ge 0-0: Ball
1-0: Foul Ball, location: 2F
1-1: Fly out, F8 (Flyball, 8LS)
Batting: RHB David Verhoeve 0-0: Ball
1-0: Ball
2-0: Ball
3-0: Foul Ball, location: 2F
3-1: Called Strike
3-2: Strikes out swinging
Juan Ríos is caught stealing 2nd base
Batter strikes out.
Bottom of the 3rd over - 0 run(s), 0 hit(s), 0 error(s), 0 left on base; Northern Virginia 0 - Rocky Mountain 2
TOP OF THE 4TH
Northern Virginia Retrievers batting - Pitching for Rocky Mountain Nuggets : RHP John Braun
Batting: LHB Roberto Salazar 0-0: SINGLE (Line Drive, 6D)
Batting: SHB Ramiro Salazar 0-0: Ball
1-0: Ball
2-0: Ball
3-0: Base on Balls
Roberto Salazar to second
Batting: RHB Iván Pérez 0-0: SINGLE (Groundball, 6MD)
Roberto Salazar to third
Ramiro Salazar to second
Batting: LHB John Robertson 0-0: Ball
1-0: Called Strike
1-1: Ball
2-1: Fielders Choice at 2nd, 6-4 (Groundball, 6M)
Roberto Salazar scores
Ramiro Salazar to third
Batting: RHB Harris Harden 0-0: Ball
1-0: Swinging Strike
1-1: Swinging Strike
1-2: Ball
2-2: Foul Ball, location: 2F
2-2: Foul Ball, location: 2F
2-2: Grounds into double play, 6-4-3 (Groundball, 6)
Top of the 4th over - 1 run(s), 2 hit(s), 0 error(s), 1 left on base; Northern Virginia 1 - Rocky Mountain 2
BOTTOM OF THE 4TH
Rocky Mountain Nuggets batting - Pitching for Northern Virginia Retrievers : RHP Javier Mora
Batting: LHB Randy Bowen 0-0: Called Strike
0-1: Ball
1-1: Ball
2-1: Ball
3-1: Called Strike
3-2: Base on Balls
Batting: RHB Mark Melton 0-0: Ball
1-0: Ball
2-0: Called Strike
2-1: Swinging Strike
2-2: Foul Ball, location: 2F
2-2: Ball
3-2: Base on Balls
Randy Bowen to second
Batting: RHB Paul Smith 0-0: TRIPLE (Line Drive, 89D)
Randy Bowen scores
Mark Melton scores
Batting: LHB Jason Potter 0-0: Called Strike
0-1: Foul Ball, location: 2F
0-2: Ground out 6-3 (Groundball, 6M)
Paul Smith scores
Batting: LHB Egidio Agnolutto 0-0: Ball
1-0: Ball
2-0: Ball
3-0: Base on Balls
Batting: LHB John Braun 0-0: Sac Bunt - play at first, batter OUT! 1-4
Egidio Agnolutto to second
Batting: LHB Juan Ríos 0-0: Ball
1-0: Ball
2-0: Called Strike
2-1: Fly out, F7 (Flyball, 7M)
Bottom of the 4th over - 3 run(s), 1 hit(s), 0 error(s), 1 left on base; Northern Virginia 1 - Rocky Mountain 5
TOP OF THE 5TH
Northern Virginia Retrievers batting - Pitching for Rocky Mountain Nuggets : RHP John Braun
Batting: RHB José Rodríguez 0-0: Ball
1-0: SINGLE (Groundball, 6MD)
Batting: SHB Gustavo Fuentes 0-0: Ball
1-0: Ball
2-0: Ball
3-0: Called Strike
3-1: DOUBLE (Line Drive, 7LS)
José Rodríguez to third
Pinch Hitting: RHB Carl Good 0-0: DOUBLE (Flyball, 8RXD)
José Rodríguez scores
Gustavo Fuentes scores
Batting: LHB Vance Cannon 0-0: Called Strike
0-1: SINGLE (Groundball, 56D)
Carl Good to third
Batting: LHB Roberto Salazar 0-0: Ball
1-0: Foul Ball, location: 2F
1-1: SINGLE (Line Drive, 7S)
Carl Good scores
Vance Cannon to second
Batting: SHB Ramiro Salazar 0-0: Ball
1-0: Foul Ball, location: 2F
1-1: Ball
2-1: Foul Ball, location: 2F
2-2: Foul Ball, location: 2F
2-2: Ball
3-2: 3-RUN HOME RUN (Line Drive, 89XD), Distance : 405 ft
Pitching: RHP Artie Horton
Batting: RHB Iván Pérez 0-0: Fly out, F8 (Flyball, 8LD)
Batting: LHB John Robertson 0-0: Ground out 4-3 (Groundball, 4)
Batting: RHB Harris Harden 0-0: Ball
1-0: Swinging Strike
1-1: Foul Ball, location: 2F
1-2: Fly out, F4 (Popup, 4D)
Top of the 5th over - 6 run(s), 6 hit(s), 0 error(s), 0 left on base; Northern Virginia 7 - Rocky Mountain 5
BOTTOM OF THE 5TH
Rocky Mountain Nuggets batting - Pitching for Northern Virginia Retrievers : RHP Javier Mora
Pitching: RHP Drake Montgomery
Batting: SHB Quan Ge 0-0: Ball
1-0: Ball
2-0: Foul Ball, location: 2F
2-1: Ball
3-1: Foul Ball, location: 2F
3-2: Ground out 1-3 (Groundball, 15)
Batting: RHB David Verhoeve 0-0: Ball
1-0: Swinging Strike
1-1: Foul Ball, location: 2F
1-2: Strikes out swinging
Batting: LHB Randy Bowen 0-0: Ball
1-0: Ball
2-0: Ball
3-0: Called Strike
3-1: Called Strike
3-2: SINGLE (Groundball, 34) (infield hit)
Batting: RHB Mark Melton 0-0: Ball
1-0: Foul Ball, location: 2F
1-1: Fly out, F9 (Flyball, 9LMF)
Bottom of the 5th over - 0 run(s), 1 hit(s), 0 error(s), 1 left on base; Northern Virginia 7 - Rocky Mountain 5
TOP OF THE 6TH
Northern Virginia Retrievers batting - Pitching for Rocky Mountain Nuggets : RHP Artie Horton
Batting: RHB José Rodríguez 0-0: SINGLE (Groundball, 56D)
Batting: SHB Gustavo Fuentes 0-0: Called Strike
0-1: Ball
1-1: Hit by Pitch
José Rodríguez to second
Pinch Hitting: RHB Micheal Murdoch 0-0: Called Strike
0-1: Fly out, F8 (Flyball, 8LM)
Batting: LHB Vance Cannon 0-0: Called Strike
0-1: Swinging Strike
0-2: Ball
1-2: Ball
2-2: Ball
3-2: Strikes out swinging
Batting: LHB Roberto Salazar 0-0: Called Strike
0-1: Fly out, F8 (Flyball, 8LS)
Top of the 6th over - 0 run(s), 1 hit(s), 0 error(s), 2 left on base; Northern Virginia 7 - Rocky Mountain 5
BOTTOM OF THE 6TH
Rocky Mountain Nuggets batting - Pitching for Northern Virginia Retrievers : RHP Drake Montgomery
Pitching: RHP Lorenzo Tamargo
Batting: RHB Paul Smith 0-0: Ball
1-0: Called Strike
1-1: Foul Ball, location: 2F
1-2: Ball
2-2: Strikes out swinging
Batting: LHB Jason Potter 0-0: Ball
1-0: Ball
2-0: Ball
3-0: Base on Balls
Batting: LHB Egidio Agnolutto 0-0: Called Strike
0-1: Ground out 6-3 (Groundball, 6MS)
Jason Potter to second
Pinch Hitting: RHB Juan Ávila 0-0: Foul Ball, location: 2F
0-1: Ball
1-1: Ball
2-1: Foul Ball, location: 2F
2-2: Strikes out looking
Bottom of the 6th over - 0 run(s), 0 hit(s), 0 error(s), 1 left on base; Northern Virginia 7 - Rocky Mountain 5
TOP OF THE 7TH
Northern Virginia Retrievers batting - Pitching for Rocky Mountain Nuggets : RHP Artie Horton
Pitching: RHP Steve King
Batting: SHB Ramiro Salazar 0-0: Ball
1-0: Ball
2-0: Swinging Strike
2-1: Ball
3-1: SINGLE (Line Drive, 4MD)
Batting: RHB Iván Pérez 0-0: Fly out, F9 (Line Drive, 89M)
Batting: LHB John Robertson 0-0: Swinging Strike
0-1: Foul Ball, location: 2F
0-2: Foul Ball, location: 2F
0-2: Ball
1-2: SINGLE (Groundball, 6MD)
Ramiro Salazar to second
Batting: RHB Harris Harden 0-0: Called Strike
0-1: Called Strike
0-2: Ball
1-2: Grounds into double play, 5-4-3 (Groundball, 56)
Top of the 7th over - 0 run(s), 2 hit(s), 0 error(s), 1 left on base; Northern Virginia 7 - Rocky Mountain 5
BOTTOM OF THE 7TH
Rocky Mountain Nuggets batting - Pitching for Northern Virginia Retrievers : RHP Lorenzo Tamargo
Batting: LHB Juan Ríos 0-0: Ball
1-0: Ball
2-0: Ground out 4-3 (Groundball, 34)
Batting: SHB Quan Ge 0-0: Ball
1-0: Reached on error, E3 (Groundball, 3S)
Batting: RHB David Verhoeve 0-0: Reached on error, E1 (Groundball, 13S)
Quan Ge to second
Batting: LHB Randy Bowen 0-0: Fly out, F9 (Flyball, 89M)
Batting: RHB Mark Melton 0-0: Called Strike
0-1: Ball
1-1: Ball
2-1: Ball
3-1: Base on Balls
Quan Ge to third
David Verhoeve to second
Batting: RHB Paul Smith Reached via error on a dropped throw, E3
Quan Ge scores
David Verhoeve to third
Mark Melton to second
Batting: LHB Jason Potter 0-0: Foul Ball, location: 2F
0-1: Fielders Choice at 2nd, 5-4 (Groundball, 56)
Bottom of the 7th over - 1 run(s), 0 hit(s), 3 error(s), 2 left on base; Northern Virginia 7 - Rocky Mountain 6
TOP OF THE 8TH
Northern Virginia Retrievers batting - Pitching for Rocky Mountain Nuggets : RHP Steve King
Batting: RHB José Rodríguez 0-0: Ball
1-0: Called Strike
1-1: Fly out, F9 (Flyball, 9M)
Batting: SHB Gustavo Fuentes 0-0: Called Strike
0-1: Ball
1-1: Called Strike
1-2: SINGLE (Line Drive, 4MD)
Pinch Hitting: RHB Chris Lowe 0-0: SINGLE (Line Drive, 4MD)
Gustavo Fuentes to second
Batting: LHB Vance Cannon 0-0: Ball
1-0: 3-RUN HOME RUN (Line Drive, 9D), Distance : 374 ft
Pitching: LHP Ryan Miller
Batting: LHB Roberto Salazar 0-0: Ball
1-0: Ball
2-0: Ball
3-0: Called Strike
3-1: Base on Balls
Batting: SHB Ramiro Salazar 0-0: Called Strike
0-1: Ball
Roberto Salazar steals 2nd base
1-1: SINGLE (Groundball, 56D)
Roberto Salazar to third
Runner from 3rd tries for Home, SAFE, no throw or cutoff
Batting: RHB Iván Pérez 0-0: Ball
1-0: Ball
2-0: Ball
3-0: Base on Balls
Ramiro Salazar to second
Batting: LHB John Robertson 0-0: Foul Ball, location: 2F
0-1: Ball
1-1: Foul Ball, location: 2F
1-2: Foul Ball, location: 2F
1-2: Ball
2-2: Strikes out swinging
Batting: RHB Harris Harden 0-0: Ball
1-0: Called Strike
1-1: Swinging Strike
1-2: Strikes out looking
Top of the 8th over - 4 run(s), 4 hit(s), 0 error(s), 2 left on base; Northern Virginia 11 - Rocky Mountain 6
BOTTOM OF THE 8TH
Rocky Mountain Nuggets batting - Pitching for Northern Virginia Retrievers : RHP Lorenzo Tamargo
Pitching: LHP Manuel Garza
Batting: LHB Egidio Agnolutto 0-0: Called Strike
0-1: Ball
1-1: Bunted foul
1-2: Strikes out looking
Pinch Hitting: RHB Mark O'Monaghan 0-0: Foul Ball, location: 2F
0-1: Ball
1-1: Fly out, F9 (Flyball, 9LMF)
Batting: LHB Juan Ríos 0-0: SINGLE (Line Drive, 8LS)
Batting: SHB Quan Ge 0-0: Called Strike
0-1: Fly out, F9 (Line Drive, 89M)
Bottom of the 8th over - 0 run(s), 1 hit(s), 0 error(s), 1 left on base; Northern Virginia 11 - Rocky Mountain 6
TOP OF THE 9TH
Northern Virginia Retrievers batting - Pitching for Rocky Mountain Nuggets : LHP Ryan Miller
Pitching: LHP Jorge Velázquez
Batting: RHB José Rodríguez 0-0: Ball
1-0: Fly out, F7 (Line Drive, 78D)
Batting: SHB Gustavo Fuentes 0-0: Ball
1-0: Ball
2-0: Foul Ball, location: 2F
2-1: Ball
3-1: Ground out 5-3 (Groundball, 56)
Batting: LHB Manuel Garza 0-0: Ball
1-0: Ball
2-0: Called Strike
2-1: Fly out, F6 (Popup, 56)
Top of the 9th over - 0 run(s), 0 hit(s), 0 error(s), 0 left on base; Northern Virginia 11 - Rocky Mountain 6
BOTTOM OF THE 9TH
Rocky Mountain Nuggets batting - Pitching for Northern Virginia Retrievers : LHP Manuel Garza
Batting: RHB David Verhoeve 0-0: Swinging Strike
0-1: Called Strike
0-2: Ball
1-2: Ball
2-2: Foul Ball, location: 2F
2-2: DOUBLE (Line Drive, 8RD)
Batting: LHB Randy Bowen 0-0: Ball
1-0: SINGLE (Flyball, 8LS)
David Verhoeve to third
Batting: RHB Mark Melton 0-0: Called Strike
0-1: Ball
1-1: Ball
2-1: Foul Ball, location: 2F
2-2: Foul Ball, location: 2F
2-2: Foul Ball, location: 2F
2-2: Strikes out swinging
Batting: RHB Paul Smith 0-0: Ball
1-0: Ball
2-0: Fly out, F7 (Line Drive, 78M)
Runner from 3rd tags up, SCORES, throw made
Batting: LHB Jason Potter 0-0: Ball
1-0: Fly out, F8 (Flyball, 8RD)
Bottom of the 9th over - 1 run(s), 2 hit(s), 0 error(s), 1 left on base; Northern Virginia 11 - Rocky Mountain 7
This league is powered by Out of the Park Baseball, the baseball management simulation game for PC, Mac and Linux
Friday, October 23rd, 2015 - OOTP Baseball 16.9 Build 39